 Dungeon Crawl Stone Soup version 0.30-a0-1124-g6e8f0f562f (webtiles) character file.

Game seed: 1699476213947389542

341 ZeroWinrate the Covert (level 6, -3/53 HPs)
             Began as a Gnoll Delver on Apr 24, 2023.
             Slain by an ogre
             ... wielding a +0 giant club
              (36 damage)
             ... on level 5 of the Dungeon.
             The game lasted 00:08:42 (1989 turns).

ZeroWinrate the Covert (Gnoll Delver)               Turns: 1989, Time: 00:08:43

Health: -3/53      AC:  3    Str: 11    XL:     6   Next: 56%
Magic:  9/9        EV: 13    Int: 11    God:
Gold:   62         SH:  0    Dex: 14    Spells: 9/9 levels left

rFire   . . .        a - +0 spear
rCold   . . .        (no shield)
rNeg    . . .        b - +0 leather armour
rPois   +            (no helmet)
rElec   .            (no cloak)
rCorr   .            (no gloves)
SInv    .            (no boots)
Will    .....        (no amulet)
Stlth   ++++         h - ring of poison resistance
HPRegen 0.28/turn    (no ring)
MPRegen 0.11/turn

%: no passive effects
@: no status effects
A: fangs 1, strong nose, distributed training
a: no special abilities


You were on level 5 of the Dungeon.
You visited 1 branch of the dungeon, and saw 1 of its levels.
You also visited: Ossuary.

You collected 62 gold pieces.

Inventory:

Hand Weapons
 a - a +0 spear (weapon)
Missiles
 i - 3 boomerangs (quivered)
Armour
 b - a +0 leather armour (worn)
Jewellery
 h - a ring of poison resistance (left hand)
Wands
 g - a wand of digging (3)
 r - a wand of acid (5)
Scrolls
 c - a scroll of fog
 d - 2 scrolls of teleportation
 e - 2 scrolls of fear
 j - a scroll of identify
 m - 3 scrolls of magic mapping
 q - a scroll of amnesia {unknown}
Potions
 f - 2 potions of haste
 k - 2 potions of brilliance {unknown}
 l - a potion of lignification {unknown}
 n - 3 potions of curing {unknown}
 o - 2 potions of heal wounds {unknown}
 p - a potion of cancellation {unknown}


   Skills:
 + Level 6.9 Fighting
 + Level 2.1 Short Blades
 + Level 2.1 Long Blades
 + Level 2.1 Axes
 + Level 2.1 Maces & Flails
 + Level 5.0 Polearms
 + Level 2.1 Staves
 + Level 2.1 Ranged Weapons
 + Level 2.1 Throwing
 + Level 2.1 Armour
 + Level 5.0 Dodging
 + Level 9.8 Stealth
 + Level 2.1 Shields
 + Level 2.1 Unarmed Combat
 + Level 2.1 Spellcasting
 + Level 1.6 Conjurations
 + Level 1.6 Hexes
 + Level 1.6 Summonings
 + Level 1.6 Necromancy
 + Level 1.6 Translocations
 + Level 1.6 Transmutations
 + Level 1.6 Fire Magic
 + Level 1.6 Ice Magic
 + Level 1.6 Air Magic
 + Level 1.6 Earth Magic
 + Level 1.6 Poison Magic
 + Level 2.3 Invocations
 + Level 2.1 Evocations


You had 9 spell levels left.
You didn't know any spells.
Your spell library was empty.

Dungeon Overview and Level Annotations

Branches:
Dungeon (5/15)            Ossuary (visited)
 Temple: D:4-7

Altars:
Trog


Innate Abilities, Weirdness & Mutations

You have very sharp teeth.
Your uncanny sense of smell can sniff out nearby items.
Your experience applies equally to all skills.


Message History

The ogre is moderately wounded.
The ogre closely misses you. The ogre attacks as you move away!
The ogre hits you with a +0 giant club!
Items here: ))) [ ÷÷.
There is an open door here.
You reach to attack!
You hit the ogre.
The ogre is heavily wounded.
The ogre attacks as you move away! The ogre misses you.
You reach to attack!
You closely miss the ogre.
The ogre is heavily wounded.
There is an open door here.
You hit the ogre.
The ogre is severely wounded.
The ogre hits you with a +0 giant club!!
You see here an adder skeleton.
The ogre attacks as you move away! The ogre barely misses you.
You reach to attack!
You hit the ogre.
The ogre is severely wounded.
The ogre attacks as you move away! The ogre closely misses you.
Items here: ))) [ ÷÷.
You reach to attack!
You hit the ogre but do no damage.
The ogre is severely wounded.
The ogre attacks as you move away! The ogre barely misses you.
The ogre attacks as you move away! The ogre closely misses you.
Throw: 4 boomerangs
Press: ? - help, Q - select action, (/) - cycle Shift-Dir - straight line, f/p - ogre
Aim: an ogre, wielding a +0 giant club (severely wounded, 77% to hit)
You throw a boomerang.
The boomerang hits the ogre and shatters for extra damage.
The ogre is severely wounded.
Throw: 3 boomerangs
Press: ? - help, Q - select action, (/) - cycle Shift-Dir - straight line, f/p - ogre
Aim: an ogre, wielding a +0 giant club (severely wounded, 77% to hit)
Okay, then.
Unknown command.
Unknown command.
The ogre attacks as you move away!
The ogre hits you with a +0 giant club!!!
Ouch! That really hurt!
You die...

*,* #...).......## #.#.≈≈
*,*** ##...#'#......###.#≈..
*...###....#.#.÷.##.....#≈.≈
**#.....O###.###........#≈.≈
#.####.+.....'.######.#≈.≈
*,* #.###.###.#****###~,,
*.####...#.#...#,,,,,,*,~~
#.......O#+#...#,,,,,,*,,,
######...@.....#,,,,,∆,**#
#######.###,,,,,,,,*#
#.,,,,,,,,,,,*#
##***,,,,,,,,** *,,,,∆,,,**
*,,,,,,,,** **********# #


You could see an ogre.

Vanquished Creatures
  An elf zombie (Ossuary)
  2 centaur zombies (Ossuary)
  3 ogre zombies (Ossuary)
  7 mummies (Ossuary)
  2 adders (D:5)
  A white imp (D:5)
  6 adder zombies (Ossuary)
  4 orcs (D:5)
  2 goblin zombies (Ossuary)
  3 hobgoblin zombies (Ossuary)
  4 kobold zombies (Ossuary)
  4 quokka zombies (Ossuary)
  5 rat zombies (Ossuary)
44 creatures vanquished.

Notes
Turn   | Place    | Note
-------+----------+-------------------------------------------
     0 | D:5      | Reached skill level 9 in Stealth
     0 | D:5      | ZeroWinrate the Gnoll Delver began the quest for the Orb.
     0 | D:5      | Reached XP level 1. HP: 23/23 MP: 1/1
    12 | D:5      | Found a bloodstained altar of Trog.
    17 | D:5      | Noticed a scorpion
    21 | D:5      | Noticed a two-headed ogre
    21 | D:5      | Noticed an ogre
    47 | D:5      | Reached XP level 2. HP: 25/29 MP: 2/2
    51 | D:5      | Found a sand-covered staircase.
    61 | Ossuary  | Entered an ossuary
   111 | Ossuary  | Reached XP level 3. HP: 32/35 MP: 3/3
   186 | Ossuary  | Reached skill level 1 in Short Blades
   186 | Ossuary  | Reached skill level 1 in Long Blades
   186 | Ossuary  | Reached skill level 1 in Axes
   186 | Ossuary  | Reached skill level 1 in Maces & Flails
   186 | Ossuary  | Reached skill level 1 in Staves
   186 | Ossuary  | Reached skill level 1 in Ranged Weapons
   186 | Ossuary  | Reached skill level 1 in Throwing
   186 | Ossuary  | Reached skill level 1 in Armour
   186 | Ossuary  | Reached skill level 1 in Shields
   186 | Ossuary  | Reached skill level 1 in Unarmed Combat
   186 | Ossuary  | Reached skill level 1 in Spellcasting
   186 | Ossuary  | Reached skill level 1 in Invocations
   186 | Ossuary  | Reached skill level 1 in Evocations
   276 | Ossuary  | Reached skill level 1 in Conjurations
   276 | Ossuary  | Reached skill level 1 in Hexes
   276 | Ossuary  | Reached skill level 1 in Summonings
   276 | Ossuary  | Reached skill level 1 in Necromancy
   276 | Ossuary  | Reached skill level 1 in Translocations
   276 | Ossuary  | Reached skill level 1 in Transmutations
   276 | Ossuary  | Reached skill level 1 in Fire Magic
   276 | Ossuary  | Reached skill level 1 in Ice Magic
   276 | Ossuary  | Reached skill level 1 in Air Magic
   276 | Ossuary  | Reached skill level 1 in Earth Magic
   276 | Ossuary  | Reached skill level 1 in Poison Magic
   276 | Ossuary  | Reached XP level 4. HP: 35/41 MP: 5/5
   394 | Ossuary  | Reached XP level 5. HP: 37/47 MP: 5/7
  1057 | Ossuary  | Reached XP level 6. HP: 45/53 MP: 8/8
  1144 | Ossuary  | Reached skill level 5 in Polearms
  1144 | Ossuary  | Reached skill level 5 in Dodging
  1989 | D:5      | Slain by an ogre

Illustrated notes

Levels and vault maps discovered:
D:5:      layout_basic, mainiacjoe_overflow_paths, nicolae_ossuary_entry_plus,
          grunt_ministairs_2, minmay_manual_monstrance

Skill      XL: |  1  2  3  4  5  6 |
---------------+-------------------+-----
Stealth        | |  9.8
Short Blades   | 1 2 |  2.1
Long Blades    | 1 2 |  2.1
Axes           | 1 2 |  2.1
Maces & Flails | 1 2 |  2.1
Staves         | 1 2 |  2.1
Ranged Weapons | 1 2 |  2.1
Throwing       | 1 2 |  2.1
Armour         | 1 2 |  2.1
Shields        | 1 2 |  2.1
Unarmed Combat | 1 2 |  2.1
Spellcasting   | 1 2 |  2.1
Invocations    | 1 2 |  2.3
Evocations     | 1 2 |  2.1
Conjurations   | 1 |  1.6
Hexes          | 1 |  1.6
Summonings     | 1 |  1.6
Necromancy     | 1 |  1.6
Translocations | 1 |  1.6
Transmutations | 1 |  1.6
Fire Magic     | 1 |  1.6
Ice Magic      | 1 |  1.6
Air Magic      | 1 |  1.6
Earth Magic    | 1 |  1.6
Poison Magic   | 1 |  1.6
Polearms       | 5 |  5.0
Dodging        | 5 |  5.0
Fighting       | |  6.9

Action                     |  1- 3 |  4- 6 || total
---------------------------+-------+-------++-------
  Melee: Spear             |    64 |   279 ||   343
         Bite              |     9 |    36 ||    45
         Punch             |     2 |     2 ||     4
  Throw: Boomerang         |       |     5 ||     5
    Use: Scroll            |     1 |     2 ||     3
   Stab: Sleeping          |     8 |    15 ||    23
 Armour: Leather armour    |    11 |    25 ||    36
  Dodge: Dodged            |    16 |    75 ||    91

Table legend: (Time is in decaauts)
 A = Elapsed time spent in this place.
 B = Non-inter-level travel time spent in this place.
 C = Inter-level travel time spent in this place.
 D = Time resting spent in this place.
 E = Time spent auto-exploring this place.
 F = Levels seen in this place.
 G = Mean time per level.
                   A        B        C        D        E       F      G
               +--------+--------+--------+--------+--------+-----+--------+
         Total |   1941 |   1941 |      0 |    382 |    822 |   2 |  970.5 |
       Dungeon |    418 |    418 |      0 |     97 |    140 |   1 |  418.0 |
       Ossuary |   1523 |   1523 |      0 |    285 |    682 |   1 | 1523.0 |
               +--------+--------+--------+--------+--------+-----+--------+

Top non-repeatable levels by time:
 Ossuary: 1523 daAuts
     D:5: 418 daAuts
